 Dungeon Crawl Stone Soup version 0.26-a0-712-ga5a9c9c9d0 (webtiles) character file.

Game seed: 13699329962499329351

23928 tilp the Unseen (level 12, -5/61 HPs)
             Began as a Spriggan Enchanter on Nov 5, 2020.
             Was a High Priest of Dithmenos.
             Slain by a minotaur
             ... wielding a +2 vorpal glaive
              (37 damage)
             ... in a Gauntlet.
             The game lasted 00:39:07 (19472 turns).

tilp the Unseen (Spriggan Enchanter)               Turns: 19472, Time: 00:39:08

Health: -5/61      AC:  5    Str:  4    XL:     12   Next: 76%
Magic:  28/31      EV: 30    Int: 20    God:    Dithmenos [*****.]
Gold:   405        SH:  0    Dex: 18    Spells: 3/23 levels left

rFire    + . .     SeeInvis +   a - +3 dagger (flame)
rCold    . . .     Faith    .   (shield restricted)
rNeg     . . .     Spirit   .   H - +0 robe {Archmagi}
rPois    .         Reflect  .   (helmet restricted)
rElec    .         Harm     .   i - +2 cloak
rCorr    .         Rampage  .   (gloves unavailable)
MR       ++...     NoTele   +   (boots unavailable)
Stlth    +++++++++.             (no amulet)
HPRegen  0.20/turn              I - ring of protection from fire
MPRegen  0.22/turn              m - ring of magical power

@: confusing touch, very slightly contaminated, wreathed by umbra, invisible,
very quick
A: very small, unfitting armour, see invisible, speed 3
a: Shadow Step, Shadow Form, Renounce Religion


You were in a Gauntlet.
You worshipped Dithmenos.
Dithmenos was extremely pleased with you.
You visited 2 branches of the dungeon, and saw 15 of its levels.
You also visited: Sewer and Gauntlet.

You collected 685 gold pieces.
You spent 280 gold pieces at shops.

Inventory:

Hand Weapons
 a - a +3 dagger of flaming (weapon)
 b - a +2 dagger of freezing
 q - a +1 scimitar of flaming
Missiles
 n - 59 poisoned darts (quivered)
 p - 7 throwing nets {!f}
 C - 6 curare-tipped darts
Armour
 i - a +2 cloak (worn)
 E - +0 steam dragon scales
 H - a +0 robe of the Archmagi (worn)
Jewellery
 m - a ring of magical power (right hand)
 y - an uncursed ring of flight
 I - a ring of protection from fire (left hand)
 L - the amulet of Fadeon {Inacc rF+ Dex+2, unknown}
   (You found it in a Gauntlet)

   [amulet of inaccuracy]

   It reduces the accuracy of all your attacks.
   It affects your dexterity (+2).
   It protects you from fire.
Wands
 e - a wand of flame (20)
 h - a wand of enslavement (8)
 t - a wand of disintegration (17)
 G - a wand of acid (6)
Scrolls
 c - 7 scrolls of amnesia
 d - 4 scrolls of identify
 f - 9 scrolls of teleportation
 g - 3 scrolls of fog
 o - 6 scrolls of remove curse
 B - 3 scrolls of fear
 J - 3 scrolls of blinking
Potions
 j - 5 potions of curing
 k - 4 potions of cancellation
 l - a potion of mutation
 r - 2 potions of haste
 s - a potion of ambrosia
 u - 2 potions of lignification
 v - 3 potions of magic
 w - a potion of brilliance
 x - 5 potions of heal wounds
 z - a potion of resistance
 A - a potion of flight
 D - a potion of might
Miscellaneous
 K - a phial of floods


   Skills:
 - Level 6.0 Fighting
 - Level 10.0 Short Blades
 + Level 13.5 Dodging
 - Level 16.0 Stealth
 - Level 6.0 Spellcasting
 - Level 2.0 Conjurations
 - Level 10.0 Hexes
 - Level 4.0 Translocations
 - Level 4.0 Invocations
 - Level 6.0 Evocations


You had 3 spell levels left.
You knew the following spells:

 Your Spells              Type           Power        Failure   Level
a - Corona                Hex            ######.      1%          1
b - Ensorcelled Hibernat  Hex/Ice        #####.       1%          2
c - Confusing Touch       Hex            ######..     1%          3
d - Tukima's Dance        Hex            ######..     1%          3
e - Dazzling Flash        Conj/Hex       #####.       2%          3
f - Slow                  Hex            ######..     1%          2
g - Cause Fear            Hex            ######....   1%          4
h - Blink                 Tloc           N/A          3%          2

Your spell library contained the following spells:

 Spells                   Type           Power        Failure   Level
 Portal Projectile        Hex/Tloc       ######       1%          3
 Magic Dart               Conj           ###.         4%          1
 Inner Flame              Hex/Fire       #####...     4%          3
 Call Imp                 Summ           #.......     16%         2
 Conjure Flame            Conj/Fire      ###.....     21%         3
 Mephitic Cloud           Conj/Pois/Air  ##......     24%         3
 Leda's Liquefaction      Hex/Erth       #####.....   13%         4


Dungeon Overview and Level Annotations

Branches:
Dungeon (15/15)            Temple (1/1) D:4            Lair (0/6) D:8
    Orc (0/2) D:9           Sewer (visited)         Gauntlet (1/1)
 Vaults: D:13-14     Depths: D:15

Altars:
Ashenzari
Cheibriados
Dithmenos
Elyvilon
Fedhas
Gozag
Hepliaklqana
Kikubaaqudgha
Makhleb
Nemelex Xobeh
Okawaru
Qazlal
Ru
Sif Muna
Trog
Uskayaw
Vehumet
Wu Jian
Xom
Yredelemnul
Zin
The Shining One

Shops:
D:5 :

Annotations:
D:8 Gastronok Gauntlet 4 transporters


Innate Abilities, Weirdness & Mutations

You are very small and have problems with some larger weapons.
You are too small for most types of armour.
You have supernaturally acute eyesight. (SInv)
You cover ground extremely quickly.


Message History

Dithmenos accepts your kill.
You feel a bit more experienced.
You feel much better.
You start resting.
A minotaur is nearby!
You fade into invisibility!
You are very lightly contaminated with residual magic.
You catch the helpless minotaur completely off-guard!
You impale the minotaur!! You burn the minotaur.
The minotaur is heavily wounded.
The minotaur hits you with a +2 vorpal glaive!
The minotaur gores you!
Casting: Confusing Touch (safe; 1% risk of failure)
Confirm with . or Enter, or press ? or * to list all spells.
You feel a surge of power!
Your hands begin to glow red.
You barely miss the minotaur.
The minotaur is heavily wounded.
The minotaur hits you with a +2 vorpal glaive!!!
Ouch! That really hurt!
You die...

...##.#..###≈##
#######...#≈≈≈#
.#©..8#...#...########
.#...©#.8.#..........#
.#©..8#.⌠.#.8.###.##.##
#######.8.#.©........8#
.#s#s.#...#.8(#.#.....#
#.#B#.#...#.©.#.#.########
#.#.#.#.8.#.8.#H@.#8.8:8[8
.#©#..#.∩.#.©.###.'......∩
#.#.#.#.8.#.8.#...#8.8[8/8
#.#.#.#...#.©(#.#.########
.#.#..#...#.8.#.#.....
#######.8.#.©........8#
.#©..8#.⌠.#.8.###.##.##
.#...©#.8.#..........#
.#©..8#...#...########


You could see a minotaur.

Vanquished Creatures
  Harold (D:8)
  2 hydras
  3 two-headed ogres (D:10)
  Erica (D:9)
  A queen ant (D:11)
  A hell hog (Gauntlet)
  An unseen horror (D:11)
  Pikel (D:3)
  A deep elf mage (D:12)
  2 manticores
  An ugly thing (D:11)
  A cyclops (D:12)
  Maggie (D:6)
  2 centaur skeletons
  A kobold demonologist (D:11)
  2 hellwings (D:9)
  An ice devil (Gauntlet)
  2 trolls (D:11)
  2 meliai zombies (D:9)
  Eustachio (D:6)
  A wraith (D:14)
  3 yaks (D:10)
  3 fire bats (Gauntlet)
  15 soldier ants (D:11)
  4 water moccasins
  2 hell hounds (Gauntlet)
  Duvessa (D:6)
  7 orc warriors
  2 ice beasts (D:6)
  3 necrophages
  2 black bears
  An eye of draining (D:11)
  2 phantoms
  10 ogres
  11 centaurs
  2 lemures
  A big kobold (D:8)
  10 bullfrogs
  Dowan (D:6)
  2 wyvern skeletons
  6 scorpions
  11 killer bees
  12 wights
  4 howler monkeys
  3 bullfrog zombies
  2 jellies
  6 centaur zombies
  A quasit (D:11)
  10 hounds
  A bullfrog skeleton (D:12)
  7 orc priests
  18 orc wizards
  4 iguanas
  36 worker ants
  2 worker ant zombies (D:8)
  14 adders
  4 gnolls (D:6)
  4 shadow imps
  2 white imps
  2 ufetubi
  An ooze (D:7)
  An adder skeleton (D:9)
  An adder zombie (D:8)
  A dart slug (D:1)
  7 leopard geckos
  42 orcs
  2 ball pythons
  2 giant cockroaches
  9 goblins
  6 hobgoblins
  18 jackals
  19 kobolds
  6 quokkas
  A ball python skeleton (D:4)
  3 bats
  8 frilled lizards
  A jackal skeleton (D:4)
  2 leopard gecko zombies
  A quokka skeleton (D:2)
  12 rats
403 creatures vanquished.

Vanquished Creatures (others)
  4 fungi (D:9)
  9 plants (Sewer)
  12 withered plants
25 creatures vanquished.

Grand Total: 428 creatures vanquished

Notes
Turn   | Place    | Note
-------+----------+-------------------------------------------
     0 | D:1      | tilp the Spriggan Enchanter began the quest for the Orb.
     0 | D:1      | Reached XP level 1. HP: 9/9 MP: 5/5
   311 | D:1      | Reached XP level 2. HP: 8/13 MP: 6/6
   541 | D:1      | Reached skill level 5 in Stealth
  1351 | D:2      | Learned a level 2 spell: Ensorcelled Hibernation
  1913 | D:2      | Reached XP level 3. HP: 10/16 MP: 8/8
  2048 | D:2      | Learned a level 3 spell: Confusing Touch
  3523 | D:3      | Reached skill level 6 in Stealth
  3816 | D:4      | Noticed an ogre
  3816 | D:4      | Noticed a scorpion
  3818 | D:4      | Killed a scorpion
  3818 | D:4      | Reached XP level 4. HP: 21/21 MP: 9/9
  4193 | D:4      | Found a staircase to the Ecumenical Temple.
  4200 | D:4      | Noticed a lemure
  4216 | D:4      | Noticed a lemure
  4219 | Temple   | Entered the Ecumenical Temple
  4522 | D:3      | Killed a lemure
  4714 | D:4      | Noticed a lemure
  4722 | D:4      | Killed a lemure
  4722 | D:4      | Noticed Pikel
  4725 | D:4      | Noticed a lemure
  5049 | D:4      | Killed an ogre
  5049 | D:4      | Reached skill level 7 in Stealth
  5049 | D:4      | Reached XP level 5. HP: 24/24 MP: 7/10
  5142 | D:4      | Reached XP level 6. HP: 28/28 MP: 8/11
  5308 | D:3      | Killed Pikel
  5308 | D:3      | Reached skill level 5 in Short Blades
  5308 | D:3      | Reached skill level 8 in Stealth
  5308 | D:3      | Reached skill level 5 in Dodging
  5308 | D:3      | Reached XP level 7. HP: 11/35 MP: 7/12
  6040 | D:5      | Entered Level 5 of the Dungeon
  6040 | D:5      | Found Diefac's Book Emporium.
  6065 | D:5      | Found a blossoming altar of Fedhas.
  6216 | D:5      | Found a glowing drain.
  6233 | Sewer    | Entered a sewer
  6317 | Sewer    | Reached XP level 8. HP: 40/40 MP: 13/13
  8117 | D:6      | Reached skill level 5 in Hexes
  8142 | D:6      | Noticed Eustachio
  8148 | D:6      | Noticed Maggie
  8154 | D:6      | Killed Eustachio
  8158 | D:6      | Killed Maggie
  8552 | D:6      | Reached XP level 9. HP: 43/44 MP: 16/16
  8659 | D:6      | Reached skill level 9 in Stealth
  8933 | D:5      | Bought a book of Minor Magic for 280 gold pieces
  8937 | D:5      | Learned a level 3 spell: Tukima's Dance
  8941 | D:5      | Learned a level 3 spell: Dazzling Flash
  8944 | D:5      | Learned a level 2 spell: Slow
  8947 | D:5      | Learned a level 2 spell: Blink
  9133 | D:6      | Reached skill level 10 in Stealth
  9534 | D:6      | Noticed Dowan
  9740 | D:6      | Noticed Duvessa
  9778 | D:6      | Killed Duvessa
  9960 | D:6      | Found a shadowy altar of Dithmenos.
  9966 | D:6      | Became a worshipper of Dithmenos the Shadowed
 10062 | D:6      | Killed Dowan
 10306 | D:7      | Reached skill level 11 in Stealth
 10421 | D:7      | Found a sparkling altar of Nemelex Xobeh.
 10514 | D:7      | Found a shimmering blue altar of Sif Muna.
 10901 | D:7      | Reached skill level 12 in Stealth
 11500 | D:7      | Found an ornate altar of the Wu Jian Council.
 11865 | D:8      | Reached * piety under Dithmenos
 11865 | D:8      | Reached XP level 10. HP: 49/49 MP: 17/17
 11882 | D:8      | Noticed Harold
 11926 | D:8      | Killed Harold
 11926 | D:8      | Reached skill level 1 in Conjurations
 11926 | D:8      | Reached skill level 1 in Translocations
 11926 | D:8      | Reached skill level 1 in Invocations
 12150 | D:8      | Noticed Gastronok
 12493 | D:8      | Found an iron altar of Okawaru.
 12749 | D:8      | Found a sparkling altar of Nemelex Xobeh.
 12781 | D:8      | Reached ** piety under Dithmenos
 12799 | D:8      | Reached skill level 5 in Evocations
 12978 | D:8      | Found a staircase to the Lair.
 13445 | D:9      | Found a staircase to the Orcish Mines.
 13478 | D:9      | You fall into a shaft and drop 1 floor!
 13478 | D:10     | Entered Level 10 of the Dungeon
 13665 | D:9      | Reached skill level 5 in Spellcasting
 13819 | D:9      | Noticed Erica
 14446 | D:9      | Reached XP level 11. HP: 45/53 MP: 20/20
 14803 | D:9      | Killed Erica
 15295 | D:10     | Reached skill level 13 in Stealth
 15457 | D:10     | Reached *** piety under Dithmenos
 15589 | D:10     | Learned a level 4 spell: Cause Fear
 15603 | D:10     | Noticed a two-headed ogre
 15611 | D:10     | Killed a two-headed ogre
 15864 | D:10     | Noticed a two-headed ogre
 15871 | D:10     | Killed a two-headed ogre
 15907 | D:10     | Reached skill level 10 in Dodging
 16023 | D:10     | Noticed a two-headed ogre
 16180 | D:10     | Killed a two-headed ogre
 16723 | D:11     | Noticed a brown ugly thing
 16732 | D:11     | Noticed a six-headed hydra
 16738 | D:11     | Killed a brown ugly thing
 16738 | D:11     | Reached skill level 5 in Fighting
 17024 | D:11     | Killed a six-headed hydra
 17119 | D:11     | Noticed an unseen horror
 17130 | D:11     | Killed an unseen horror
 17130 | D:11     | Reached skill level 10 in Hexes
 17161 | D:11     | Reached XP level 12. HP: 60/60 MP: 22/22
 17204 | D:11     | Reached **** piety under Dithmenos
 17444 | D:11     | Reached skill level 10 in Short Blades
 17444 | D:11     | Reached skill level 14 in Stealth
 17681 | D:11     | Noticed a queen ant
 17902 | D:11     | Killed a queen ant
 18094 | D:11     | Reached skill level 15 in Stealth
 18111 | D:11     | Reached ***** piety under Dithmenos
 18780 | D:12     | You fall into a shaft and drop 2 floors!
 18803 | D:15     | Entered Level 15 of the Dungeon
 18812 | D:14     | Noticed a six-headed hydra
 18827 | D:14     | Killed a six-headed hydra
 18833 | D:14     | Found a gate leading to a gauntlet.
 18842 | Gauntlet | Entered a Gauntlet
 18842 | Gauntlet | Found a transporter.
 18862 | Gauntlet | Found a runed translucent gate.
 18862 | Gauntlet | Found a runed translucent gate.
 18862 | Gauntlet | Found a runed translucent gate.
 18864 | Gauntlet | Found a transporter.
 18867 | Gauntlet | Found a transporter.
 18868 | Gauntlet | Found a transporter.
 18876 | Gauntlet | Found a transporter.
 18879 | Gauntlet | Found a transporter.
 18880 | Gauntlet | Found a transporter.
 18891 | Gauntlet | Found a transporter.
 18892 | Gauntlet | Found a transporter.
 18892 | Gauntlet | Found a transporter.
 18892 | Gauntlet | Noticed an entropy weaver
 18894 | Gauntlet | Noticed a hell hog
 18900 | Gauntlet | Found a transporter.
 18903 | Gauntlet | Found a transporter.
 18904 | Gauntlet | Found a transporter.
 18906 | Gauntlet | Noticed a blizzard demon
 18912 | Gauntlet | Found a transporter.
 19156 | Gauntlet | Killed a hell hog
 19164 | Gauntlet | Reached skill level 16 in Stealth
 19307 | Gauntlet | Got a brightly glowing tin amulet
 19315 | Gauntlet | Identified the +5 ring mail of Qalih {*Corrode +Inv MR-
                  | SInv}
 19315 | Gauntlet | Noticed a minotaur
 19472 | Gauntlet | Slain by a minotaur

Illustrated notes

Levels and vault maps discovered:
D:1:      dpeg_arrival_simpleton_b, layout_basic
D:2:      layout_basic
D:3:      layout_basic
D:4:      layout_basic, minmay_temple_entry_tees, uniq_pikel
D:5:      layout_rooms, portal_sewer_entry_f, serial_shops, shop,
          fedhas_bush_and_centaur_altar
D:6:      layout_basic, grunt_dithmenos_shadows, uniq_prince_ribbit1,
          uniq_duvessa, uniq_eustachio, uniq_maggie
D:7:      kennysheep_orc_sif_temple, layout_rooms, kennysheep_little_box,
          nemelex_xobeh_ov_fountains_minmay, serial_co_window_serial,
          co_window_corner_a, co_window_of_opportunity_a,
          co_window_of_opportunity_a, co_window_paths_b, co_window_paths_b,
          co_window_paths_c, co_window_of_opportunity_b, co_window_corner_b,
          co_window_of_opportunity_c, co_window_paths_c, co_window_paths_d,
          co_window_paths_e, glass_columns_c, glass_columns_a, glass_columns_b
D:8:      layout_rooms, okawaru_ov_weapons_minmay, lair_entry_dummy,
          serial_undead, serial_undead_e, serial_undead_b, serial_undead_f,
          serial_undead_f, dk_noncrumbling_4, nemelex_lonely_heart_becter,
          uniq_harold, uniq_gastronok
D:9:      cheibrodos_grave_circle, layout_gridville, orc_0_dummy,
          water_boxes_lemuel, uniq_erica
D:10:     layout_basic, serial_glass, glass_columns_a, glass_columns_b
D:11:     layout_cave_pools, zaba_anthell
D:12:     layout_roguey, basic_altar, nrook_guardian_serpent_double
D:14:     layout_long_grid, minmay_misc_feat_doors, gauntlet_entry_generic
D:15:     hangedman_depths_entry_civil_slaughter, layout_small_grid,
          hangedman_decor_diamond_cutter
Temple:   dpeg_five_rooms_temple
Gauntlet: gammafunk_gauntlet_77_escape_option
          [minmay_gauntlet_arena_77_run_for_it,
          minmay_gauntlet_arena_77_hold_the_fort,
          minmay_gauntlet_arena_77_braids, minmay_gauntlet_arena_77_fan,
          minmay_gauntlet_arena_77_squiggly,
          nicolae_gauntlet_exit_dead_adventurers]

Skill      XL: |  1  2  3  4  5  6  7  8  9 10 11 12 |
---------------+-------------------------------------+-----
Stealth        | 5 6 7 8 12 13 16 | 16.0
Short Blades   | 2 3 4 5 8 9 10 | 10.0
Evocations     | 2 4 5 6 |  6.0
Fighting       | 2 3 5 6 |  6.0
Dodging        | 5 7 8 9 10 13 | 13.5
Spellcasting   | 4 5 6 |  6.0
Hexes          | 8 10 | 10.0
Conjurations   | 1 2 |  2.0
Translocations | 4 |  4.0
Invocations    | 2 4 |  4.0

Action                   |  1- 3 |  4- 6 |  7- 9 | 10-12 || total
-------------------------+-------+-------+-------+-------++-------
Melee: Short sword       |    16 |       |       |       ||    16
       Dagger            |   117 |    31 |   388 |   584 ||  1120
Throw: Dart              |       |       |       |     5 ||     5
 Cast: Corona            |     1 |       |     2 |       ||     3
       Ensorcelled Hiber |     8 |    28 |   129 |   158 ||   323
       Confusing Touch   |       |       |    15 |    43 ||    58
       Slow              |       |       |       |     3 ||     3
       Dazzling Flash    |       |       |       |     3 ||     3
       Cause Fear        |       |       |       |     1 ||     1
Invok: Shadow Step       |       |       |       |     2 ||     2
 Abil: Evoke Flight      |       |       |       |     2 ||     2
Evoke: Wand              |       |       |     1 |    10 ||    11
  Use: Scroll            |    11 |     2 |    11 |     5 ||    29
       Potion            |       |       |       |     2 ||     2
 Stab: Sleeping          |    25 |     9 |    62 |   145 ||   241
       Confused          |       |       |    12 |    44 ||    56
       Distracted        |       |       |     1 |     5 ||     6
       Invisible         |       |       |       |     1 ||     1
Armor: Robe              |    12 |     5 |    17 |    23 ||    57
       Steam dragon scal |       |       |    12 |       ||    12
Dodge: Dodged            |    66 |    32 |   306 |   416 ||   820

Table legend: (Time is in decaauts)
 A = Elapsed time spent in this place.
 B = Non-inter-level travel time spent in this place.
 C = Inter-level travel time spent in this place.
 D = Time resting spent in this place.
 E = Time spent auto-exploring this place.
 F = Levels seen in this place.
 G = Mean time per level.
                   A        B        C        D        E       F      G
               +--------+--------+--------+--------+--------+-----+--------+
         Total |  15382 |  14923 |    459 |   6165 |   5637 |  17 |  904.8 |
       Dungeon |  13927 |  13497 |    430 |   5736 |   4994 |  14 |  994.8 |
        Temple |    156 |    128 |     28 |      0 |    126 |   1 |  156.0 |
         Sewer |    815 |    815 |      0 |    213 |    425 |   1 |  815.0 |
      Gauntlet |    483 |    483 |      0 |    216 |     91 |   1 |  483.0 |
               +--------+--------+--------+--------+--------+-----+--------+

Top non-repeatable levels by time:
     D:3: 1649 daAuts
     D:7: 1579 daAuts
     D:9: 1421 daAuts
     D:6: 1250 daAuts
    D:11: 1237 daAuts
     D:8: 1216 daAuts
    D:10: 1123 daAuts
     D:4: 1068 daAuts
     D:2: 1059 daAuts
     D:5: 1031 daAuts
     D:1: 1005 daAuts
   Sewer: 815 daAuts
Gauntlet: 483 daAuts
    D:12: 243 daAuts
  Temple: 156 daAuts
